 Dungeon Crawl Stone Soup version 0.19-a0-442-g8935a21 (webtiles) character file.

635 Mysteryquy the Shield-Bearer (level 7, -3/44 HPs)
             Began as a Gargoyle Fighter on June 1, 2016.
             Slain by an ice beast (13 damage)
             ... on level 5 of the Dungeon.
             The game lasted 00:07:04 (3051 turns).

Mysteryquy the Shield-Bearer (Gargoyle Fighter)     Turns: 3051, Time: 00:07:05

Health: -3/44      AC: 14    Str: 22    XL:     7   Next: 50%
Magic:  7/7        EV:  9    Int:  8    God:
Gold:   335        SH: 10    Dex:  9    Spells: 0 memorised, 6 levels left

rFire  . . .     SeeInvis .     a - +0 flail
rCold  . . .     Gourm    .     b - +0 scale mail
rNeg   + . .     Faith    .     c - +0 shield
rPois  ∞         Spirit   .     r - +0 helmet
rElec  +         Dismiss  .     (no cloak)
rCorr  .         Reflect  .     (no gloves)
SustAt .         Harm     .     e - +0 pair of boots (curse)
MR     .....                    (no amulet)
Stlth  ..........               (no ring)
                                (no ring)

@: not resistant to hostile enchantments, extremely unstealthy
A: negative energy resistance 1, electricity resistance, unbreathing,
petrification resistance, rot immunity, AC +4
a: no special abilities


You were on level 5 of the Dungeon.
You were not hungry.

You visited 1 branch of the dungeon, and saw 6 of its levels.

You collected 335 gold pieces.

Inventory:

Hand Weapons
 a - a +0 flail (weapon)
Armour
 b - a +0 scale mail (worn)
 c - a +0 shield (worn)
 e - a cursed +0 pair of boots (worn)
 r - a +0 helmet (worn)
Jewellery
 t - a cursed ring of loudness {unknown}
 y - a +2 amulet of reflection {unknown}
Wands
 B - a wand of teleportation (6/9)
 D - a wand of flame (27/48)
Scrolls
 g - a scroll of recharging {unknown}
 h - 3 scrolls of identify {unknown}
 i - 2 scrolls of remove curse {unknown}
 l - a scroll of teleportation {unknown}
 n - 2 scrolls of enchant armour {unknown}
 q - 2 scrolls of magic mapping {unknown}
 v - a scroll of enchant weapon {unknown}
 A - a scroll of fog {unknown}
Potions
 d - 4 potions of might
 j - 2 potions of invisibility {unknown}
 p - a potion of ambrosia {unknown}
 s - a potion of mutation {unknown}
 u - 3 potions of curing {unknown}
 w - a potion of brilliance {unknown}
 x - a potion of cure mutation {unknown}
 z - a potion of degeneration {unknown}
 C - a potion of lignification {unknown}
Comestibles
 f - 6 bread rations
 k - 3 beef jerkies
 m - a slice of pizza
 o - 4 meat rations


   Skills:
 + Level 4.8 Fighting
 + Level 3.8 Maces & Flails
 + Level 4.9 Armour
 + Level 2.7 Dodging
 + Level 0.2 Stealth
 + Level 5.3 Shields


You had 6 spell levels left.
You didn't know any spells.

Dungeon Overview and Level Annotations

Branches:
Dungeon (6/15)
 Temple: D:4-7

Altars:
Fedhas
Makhleb
Qazlal
Uskayaw
Xom
Yredelemnul

Shops:
D:4 *   D:6 =


Innate Abilities, Weirdness & Mutations

You are resistant to torment.
Your stone body is resilient. (AC +4)
You are immune to poison.
You resist negative energy. (rN+)
You are resistant to electric shocks. (rElec)
You can survive without breathing.
You are immune to petrification.
You are immune to rotting.


Message History

You sock the ice beast!
The ice beast is heavily wounded.
You block the ice beast's attack.
Your shield prevents you from hitting the ice beast.
The ice beast is heavily wounded.
The ice beast hits you but does no damage.
You hit the ice beast.
The ice beast is heavily wounded.
The ice beast hits you but does no damage.
The ice beast hits you. The ice beast freezes you.
* * * LOW HITPOINT WARNING * * *
You hit the ice beast.
The ice beast is heavily wounded.
You block the ice beast's attack.
You closely miss the ice beast.
The ice beast is heavily wounded.
The ice beast hits you.
* * * LOW HITPOINT WARNING * * *
The ice beast freezes you!
You die...

#.#........
#.#..###### #.#
#.#..##.####.<...#
............#.##.#
#.#..##.#####.##.#
............#.##.#
###..##.###.#.##.#
#...##.# #.#.##.#
#..###.# #.#.##@#
....###.###.#.##Y#
###...........##.#
......###.####.##
................#
###.###.#.##.<#
#.#.##..#
..#.##..#
####.##..#


You could see an ice beast.

Vanquished Creatures
  2 ogres
  2 scorpions
  A jelly (D:5)
  A hound (D:4)
  3 giant frog skeletons
  Jessica (D:2)
  An iguana (D:4)
  Natasha (D:4)
  2 worker ants
  4 adders
  A worm (D:3)
  2 dart slugs (D:1)
  A giant gecko (D:4)
  4 orcs
  2 giant cockroaches
  6 goblins
  5 hobgoblins
  4 jackals (D:2)
  5 kobolds
  2 quokkas (D:2)
  2 bats
  6 giant newts
  17 rats
75 creatures vanquished.

Notes
Turn   | Place    | Note
--------------------------------------------------------------
     0 | D:1      | Mysteryquy the Gargoyle Fighter began the quest for the Orb.
     0 | D:1      | Reached XP level 1. HP: 14/14 MP: 1/1
   182 | D:1      | Reached XP level 2. HP: 20/20 MP: 2/2
   901 | D:2      | Reached XP level 3. HP: 24/24 MP: 3/3
  1117 | D:2      | Noticed Jessica
  1132 | D:2      | Reached skill level 1 in Dodging
  1134 | D:2      | Killed Jessica
  1134 | D:2      | Reached XP level 4. HP: 18/29 MP: 4/4
  1135 | D:2      | Reached skill level 4 in Shields
  1875 | D:3      | Reached XP level 5. HP: 28/33 MP: 5/5
  2615 | D:4      | Noticed Natasha
  2618 | D:4      | Killed Natasha
  2643 | D:4      | Found Rinuodar's Assorted Antiques.
  2650 | D:4      | Reached XP level 6. HP: 39/39 MP: 6/6
  2686 | D:4      | You fall through a shaft for 2 floors!
  2712 | D:6      | Found Perphut's Jewellery Boutique.
  2724 | D:6      | Found a blossoming altar of Fedhas.
  2726 | D:6      | Found a shimmering altar of Xom.
  2728 | D:6      | Found a basalt altar of Yredelemnul.
  2732 | D:6      | Found a hide-covered altar of Uskayaw.
  2732 | D:6      | Found a stormy altar of Qazlal.
  2733 | D:6      | Found a burning altar of Makhleb.
  2831 | D:5      | Entered Level 5 of the Dungeon
  2847 | D:5      | Reached skill level 5 in Shields
  2847 | D:5      | Reached XP level 7. HP: 44/44 MP: 7/7
  3051 | D:5      | Slain by an ice beast

Vault maps used:
D:1:      lightli_arrival_flooded_house, hangedman_abyss_or_decor_stabs,
          minmay_misc_feat_hallway
D:2:      uniq_jessica
D:4:      first_bread, serial_shops,
          nicolae_shop_temple_entry_statues_fountains, minmay_misc_feat_doors,
          minmay_misc_feat_ornament, uniq_natasha
D:5:      kennysheep_mini_moat, uniq_blork_the_orc
D:6:      grunt_temple_overflow_open, serial_shops, shop, nicolae_shop_crystal,
          enter_ossuary_4, nemelex_dance_club_becter, uniq_sigmund

Skill      XL: |  1  2  3  4  5  6 |
---------------+-------------------+-----
Dodging        | 1 2 |  2.7
Fighting       | 4 |  4.8
Shields        | 4 5 |  5.3
Maces & Flails | 3 |  3.8
Armour         | 4 |  4.9
Stealth        | |  0.2

Action                   |  1- 3 |  4- 6 |  7- 9 || total
-------------------------+-------+-------+-------++-------
Melee: Flail             |   103 |   133 |    47 ||   283
  Eat: Chunk             |     1 |     5 |     1 ||     7
Armor: Scale mail        |    48 |    55 |    19 ||   122
Dodge: Dodged            |    35 |    42 |    13 ||    90
Block: Shield            |    42 |    67 |    24 ||   133
